 Dungeon Crawl Stone Soup version 0.28-a0-80-g9707f7362f (webtiles) character file.

Game seed: 1052718780459450999

59 Sweetruy1997 the Magician (level 4, 0/31 HPs)
             Began as a Djinni Fire Elementalist on Aug 5, 2021.
             Slain by a scorpion (8 damage)
             ... on level 2 of the Dungeon.
             The game lasted 00:04:28 (2328 turns).

Sweetruy1997 the Magician (DjFE)                    Turns: 2328, Time: 00:04:28

Health: 0/31       AC:  4    Str:  8    XL:     4   Next: 22%
Gold:   57         EV: 11    Int: 16    God:
                   SH:  3    Dex: 14

rFire   + + .      SeeInvis .   e - +1 whip (venom)
rCold   x . .      Faith    .   h - +0 buckler
rNeg    . . .      Spirit   .   d - +0 leather armour
rPois   ∞          Reflect  .   j - +0 helmet
rElec   .          Harm     .   (no cloak)
rCorr   .          Rampage  .   (no gloves)
Will    .....                   (boots unavailable)
Stlth   ++........              (no amulet)
HPRegen 0.10/turn               (no ring)
MPRegen 0.00/turn               (no ring)

@: flying
A: sickness immunity, fire resistance 2, cold vulnerability 1, float, innate
caster, hp casting, extra vitality 1
a: no special abilities


You were on level 2 of the Dungeon.
You visited 1 branch of the dungeon, and saw 3 of its levels.

You collected 57 gold pieces.

Inventory:

Hand Weapons
 e - a +1 whip of venom (weapon)
Missiles
 f - 5 boomerangs
Armour
 d - a +0 leather armour (worn)
 h - a +0 buckler (worn)
 j - a +0 helmet (worn)
Wands
 i - a wand of acid (4)
Scrolls
 b - a scroll of torment {unknown}
 c - 3 scrolls of identify {unknown}
 g - 4 scrolls of fear {unknown}
Potions
 a - a potion of heal wounds


   Skills:
 - Level 0.3 Short Blades
 + Level 1.5 Armour
 + Level 2.6 Dodging
 + Level 1.8 Stealth
 + Level 0.1 Shields
 + Level 3.0 Spellcasting


You couldn't memorise any spells.
You knew the following spells:

 Your Spells              Type           Power      Damage    Failure   Level
a - Foxfire               Conj/Fire      48%        2x1d6     13%         1
b - Conjure Flame         Conj/Fire      12%        6-21      36%         3
c - Inner Flame           Hex/Fire       12%        N/A       36%         3
d - Sticky Flame          Conj/Fire      12%        2d4       77%         4
e - Fireball              Conj/Fire      6%         3d5       98%         5
f - Freeze                Ice            48%        1d7       13%         1
Your spell library was empty.

Dungeon Overview and Level Annotations

Branches:
Dungeon (3/15)

Altars:

Shops:
D:1 (


Innate Abilities, Weirdness & Mutations

You are immune to sickness and miasma.
You are immune to poison.
Your flesh is very heat resistant. (rF++)
You are vulnerable to cold. (rC-)
You float through the air rather than walking.
You learn spells naturally, not from books.
Your magical power is your life essence.
You have superior vitality. (+4 HP)


Message History

The orc closely misses you.
Casting: Freeze (safe; 13% risk of failure)
Confirm with . or Enter, or press ? or * to list all spells.
Aiming: Freeze (safe; 13% risk of failure)
Press: ? - help, Shift-Dir - straight line, f/p - orc
Aim: an orc, wielding a +0 hand axe and wearing a +0 ring mail (almost dead)
You miscast Freeze.
Nothing appears to happen.
The orc closely misses you.
You hit the orc.
You kill the orc!
A dart slug comes into view.
Items here: ) [ †††.
The dart slug barely misses you.
There is a stone staircase leading up here.
You hit the dart slug.
The dart slug is poisoned.
The dart slug is heavily wounded.
You hit the dart slug.
The dart slug looks as sick as possible!
The dart slug is almost dead.
You kill the dart slug!
A scorpion comes into view.
An orc comes into view. It is wielding a +0 war axe.
Found 21 arrows.
There are monsters nearby!
There are monsters nearby!
An orc comes into view. It is wielding a +0 club.
Found 8 gold pieces.
Found Ozocubu's Autobiography.
Your shield prevents you from hitting the scorpion.
The scorpion stings you! The scorpion stings you.
You barely miss the scorpion. The scorpion stings you.
* * * LOW HITPOINT WARNING * * *
The scorpion stings you.
* * * LOW HITPOINT WARNING * * *
Your magical contamination has completely faded away.
There is a stone staircase leading up here.
The scorpion stings you but does no damage.
You fly upwards.
There is a stone staircase leading down here.
The scorpion stings you!
You die...

##..........# #.#.##.#
....#.#.#########†#.##.#
.##.#.....# #.....#.##.#
.##.###.#.###.#####.##.#
............#.#.....##.#
........#.#.#.#.######.##
.#.######.#.............#
....(...#.#.###.##.....##
.#.####+#.#.#...@s>###.#
<#........#.#.#.######.##
.#........#.#.#.........#
.#............###########
.#<.......#.###
##.####.###.###
..............#
......#.###.#.# ......#.#
#.#.#


You could see a scorpion.

Vanquished Creatures
  2 adders (D:2)
  2 dart slugs
  An orc (D:3)
  An endoplasm (D:1)
  A giant cockroach (D:2)
  4 goblins
  2 hobgoblins (D:1)
  5 jackals
  A kobold (D:1)
  2 quokkas
  4 ball pythons
  6 bats
  2 frilled lizards
  3 rats
36 creatures vanquished.

Vanquished Creatures (others)
  70 foxfires
70 creatures vanquished.

Grand Total: 106 creatures vanquished

Notes
Turn   | Place    | Note
-------+----------+-------------------------------------------
     0 | D:1      | Sweetruy1997 the Djinni Fire Elementalist began the quest
                  | for the Orb.
     0 | D:1      | Reached XP level 1. HP: 15/15 MP: 0/0
   275 | D:1      | Reached XP level 2. HP: 19/21 MP: 0/0
   373 | D:1      | Found Fagycy's Antique Weapon Shoppe.
  1134 | D:2      | Reached XP level 3. HP: 24/25 MP: 0/0
  1134 | D:2      | Learned a level 1 spell: Freeze
  1344 | D:2      | HP: 1/25 [quokka (4)]
  1508 | D:2      | Reached skill level 3 in Spellcasting
  2207 | D:2      | Reached skill level 1 in Armour
  2207 | D:2      | Reached XP level 4. HP: 30/31 MP: 0/0
  2316 | D:3      | Noticed a scorpion
  2328 | D:2      | Slain by a scorpion

Illustrated notes

Levels and vault maps discovered:
D:1:      scummos_arrival_gate, layout_basic, serial_shops, shop
D:2:      layout_basic, kennysheep_generic_room_5
D:3:      layout_loops_corners, gammafunk_temple_overflow_statue,
          gammafunk_ghost_split

Skill      XL: |  1  2  3 |
---------------+----------+-----
Spellcasting   | 3 |  3.0
Armour         | 1 |  1.5
Short Blades   | |  0.3
Dodging        | |  2.6
Stealth        | |  1.8
Shields        | |  0.1

Action                   |  1- 3 |  4- 6 || total
-------------------------+-------+-------++-------
Melee: Short sword       |     3 |       ||     3
       Whip              |    21 |     5 ||    26
 Cast: Foxfire           |    44 |     3 ||    47
       Freeze            |       |     5 ||     5
  Use: Potion            |     1 |       ||     1
Armor: Leather armour    |    15 |     2 ||    17
Dodge: Dodged            |    26 |     5 ||    31
Block: Buckler           |     7 |     1 ||     8

Table legend: (Time is in decaauts)
 A = Elapsed time spent in this place.
 B = Non-inter-level travel time spent in this place.
 C = Inter-level travel time spent in this place.
 D = Time resting spent in this place.
 E = Time spent auto-exploring this place.
 F = Levels seen in this place.
 G = Mean time per level.
                   A        B        C        D        E       F      G
               +--------+--------+--------+--------+--------+-----+--------+
         Total |   2330 |   2288 |     42 |    416 |   1599 |   3 |  776.7 |
       Dungeon |   2330 |   2288 |     42 |    416 |   1599 |   3 |  776.7 |
               +--------+--------+--------+--------+--------+-----+--------+

Top non-repeatable levels by time:
     D:2: 1167 daAuts
     D:1: 1131 daAuts
     D:3: 31 daAuts
